 Dungeon Crawl Stone Soup version 0.30-a0-313-gae38170b09 (webtiles) character file.

Game seed: 6785931529980595889

12498 Lobster4 the Fighter (level 12, 0/97 HPs)
             Began as a Human Wanderer on Oct 26, 2022.
             Was an Initiate of Gozag.
             Slain by a komodo dragon (24 damage)
             ... on level 1 of the Lair of Beasts on Oct 27, 2022.
             The game lasted 00:49:59 (14090 turns).

Lobster4 the Fighter (Human Wanderer)              Turns: 14090, Time: 00:49:59

Health: 0/97       AC: 21    Str: 14    XL:     12   Next: 21%
Magic:  33/33      EV: 11    Int: 12    God:    Gozag
Gold:   1385       SH:  7    Dex: 17    Spells: 23/27 levels left

rFire   . . .      SeeInvis .    a - +0 hand axe (spect)
rCold   + . .      Faith    .    N - +1 buckler of Dodghod {rC+ MP+9}
rNeg    . . .      Spirit   .    z - +3 ring mail {Will+}
rPois   +          Reflect  .    M - +1 helmet of the Heron {+Blink rPois Regen+}
rElec   .          Harm     .    S - +1 cloak
rCorr   .          Rampage  .    c - +1 pair of gloves
Will    +....                    R - +0 pair of boots
Stlth   +.........               (no amulet)
HPRegen 1.16/turn                h - +4 ring of protection
MPRegen 0.23/turn                (no ring)

@: lethally poisoned (0 -> -1)
A: no striking features
a: Renounce Religion, Evoke Blink, Potion Petition, Call Merchant, Bribe Branch


You were on level 1 of the Lair of Beasts.
You worshipped Gozag.
Gozag was most pleased with you.
You visited 3 branches of the dungeon, and saw 13 of its levels.

You collected 2462 gold pieces.
You spent 939 gold pieces at shops.
You paid 138 gold pieces to Gozag.

Inventory:

Hand Weapons
 a - a +0 spectral hand axe (weapon)
 b - a +0 sling
 i - a +1 dagger of electrocution
 y - a +1 short sword of draining
 H - a +0 vorpal spear
 U - a +1 war axe of flaming
 V - a +3 morningstar
Missiles
 A - 34 poisoned darts (quivered)
 B - 9 boomerangs
 J - a silver boomerang
 O - 7 javelins
 P - 4 silver javelins
 W - 2 curare-tipped darts
Armour
 c - a +1 pair of gloves (worn)
 e - +0 steam dragon scales
 z - a +3 ring mail of willpower (worn)
 K - the -1 buckler of Sosixzy {rElec rPois Int-5}
   (You bought it in a shop on level 4 of the Dungeon)

   Int:       It affects your intelligence (-5).
   rElec:     It insulates you from electricity.
   rPois:     It protects you from poison.
 M - the +1 helmet of the Heron (worn) {+Blink rPois Regen+}
   (You bought it in a shop on level 4 of the Dungeon)

   rPois:     It protects you from poison.
   +Blink:    It lets you blink.
   Regen:     It increases your rate of health regeneration.
 N - the +1 buckler of Dodghod (worn) {rC+ MP+9}
   (You acquired it on level 10 of the Dungeon)

   rC:        It protects you from cold.
   MP:        It affects your magic capacity (+9).
 R - a +0 pair of boots (worn)
 S - a +1 cloak (worn)
Magical Staves
 C - a staff of cold
 L - a staff of poison
Jewellery
 f - a +6 ring of dexterity
 h - a +4 ring of protection (left hand)
 D - a ring of ice
Wands
 l - a wand of digging (7)
 G - a wand of charming (22)
 I - a wand of flame (5)
 Q - a wand of iceblast (12)
Scrolls
 d - 2 scrolls of fog
 k - a scroll of magic mapping
 m - a scroll of blinking
 p - a scroll of torment {unknown}
 s - a scroll of fear {unknown}
 u - 2 scrolls of teleportation
 x - a scroll of summoning {unknown}
 E - 3 scrolls of amnesia
 T - 2 scrolls of poison
Potions
 g - 3 potions of mutation {unknown}
 j - 2 potions of invisibility
 n - a potion of lignification
 o - 2 potions of flight
 q - a potion of might
 r - a potion of magic
 t - a potion of cancellation
 v - 8 potions of curing
 w - a potion of haste


   Skills:
 - Level 10.0 Fighting
 + Level 3.0 Axes
 - Level 2.0 Throwing
 - Level 7.0 Armour
 - Level 3.0 Dodging
 - Level 5.0 Shields
 + Level 8.2 Spellcasting
 - Level 3.0 Conjurations
 + Level 8.4 Earth Magic
 + Level 4.2 Evocations


You had 23 spell levels left.
You knew the following spells:

 Your Spells              Type           Power      Damage    Failure   Level
a - Sandblast             Erth           50%        2d12      1%          1
b - Stone Arrow           Conj/Erth      36%        3d9       10%         3

Your spell library contained the following spells:

 Spells                   Type           Power      Damage    Failure   Level
 Passwall                 Tmut/Erth      12%        N/A       10%         2
 Freeze                   Ice            16%        1d4       34%         1
 Blink                    Tloc           8%         N/A       47%         2
 Hailstorm                Conj/Ice       8%         3d4       50%         3
 Animate Armour           Summ/Erth      30%        N/A       52%         4
 Frozen Ramparts          Ice            8%         1d2       71%         3
 Gell's Gravitas          Tloc           4%         N/A       71%         3
 Ignite Poison            Fire/Tmut/Pois 4%         N/A       71%         3
 Kindle Blastsparks       Fire/Tloc/Air  8%         2d10      71%         3
 Ozocubu's Armour         Ice            4%         N/A       71%         3
 Teleport Other           Tloc           4%         N/A       71%         3
 Manifold Assault         Tloc           4%         N/A       98%         4
 Passage of Golubria      Tloc           4%         N/A       98%         4
 Iron Shot                Conj/Erth      9%         9d3       99%         6
 Blade Hands              Tmut           2%         N/A       100%        5
 Freezing Cloud           Conj/Ice/Air   3%         6-21      100%        5
 Silence                  Hex/Air        2%         N/A       100%        5
 Dispersal                Tloc           2%         N/A       100%        6
 Ozocubu's Refrigeration  Ice            2%         4d7       100%        7
 Storm Form               Tmut/Air       2%         N/A       100%        7
 Lehudib's Crystal Spear  Conj/Erth      9%         10d4      100%        8


Dungeon Overview and Level Annotations

Branches:
Dungeon (11/15)            Temple (1/1) D:7            Lair (1/5) D:9
    Orc: D:9-12

Altars:
Ashenzari
Cheibriados
Dithmenos
Elyvilon
Fedhas
Gozag
Hepliaklqana
Kikubaaqudgha
Makhleb
Nemelex Xobeh
Okawaru
Qazlal
Ru
Sif Muna
Trog
Uskayaw
Vehumet
Wu Jian
Xom
Yredelemnul
Zin
The Shining One

Shops:
D:4 [   D:5 [   D:11 [

Annotations:
D:11 1 transporter, exclusion: kobold demonologist, Egraxzu's ghost, journeyman DEFE; Erolcha


Message History

You hit the komodo dragon.
The komodo dragon is severely wounded.
You barely miss the water moccasin. You hit the water moccasin.
Your +0 spectral hand axe hits the water moccasin.
Your +0 spectral hand axe hits the komodo dragon.
The komodo dragon misses your +0 spectral hand axe.
The water moccasin barely misses you.
The water moccasin bites you but does no damage.
The komodo dragon barely misses your +0 spectral hand axe.
You catch the helpless komodo dragon completely off-guard!
You hit the komodo dragon.
The komodo dragon is severely wounded.
You barely miss the water moccasin. You closely miss the water moccasin.
The water moccasin bites you but does no damage.
You block the water moccasin's attack. The water moccasin barely misses you.
You block the water moccasin's attack. The komodo dragon misses you.
You hit the komodo dragon.
The komodo dragon is severely wounded.
You hit the water moccasin. x2; The water moccasin bites you!
The water moccasin bites you.
* * * LOW HITPOINT WARNING * * *
You are poisoned.
The water moccasin poisons you! You block the komodo dragon's attack.
You block the water moccasin's attack.
The water moccasin completely misses you.
You closely miss the komodo dragon.
The komodo dragon is severely wounded.
You closely miss the water moccasin. You hit the water moccasin.
You feel very sick.
The water moccasin completely misses you.
You block the water moccasin's attack. The komodo dragon closely misses you.
You closely miss the komodo dragon.
The komodo dragon is severely wounded.
You miss the water moccasin.
You hit the water moccasin but do no damage.
You feel sick.
The water moccasin bites you but does no damage.
The water moccasin misses you. The komodo dragon bites you!!
You die...
Your body crumbles into a pile of gold.

#..#
##...###.####
##..
##..........#
...
#...........#
....
##..........#
#...####....##
##...# #.###.#
#....# ### ###
#...## #@(.#
#SlS...P#
#........P
...........
...###......
...# #.....
...# ##..#
.... ##


You could see a komodo dragon, 2 water moccasins and a friendly +0 spectral hand
axe (summoned).

Vanquished Creatures
  Gastronok (D:8)
  A tengu warrior (D:10)
  4 two-headed ogres
  Pikel (D:4)
  Joseph (D:8)
  Maggie (D:7)
  A troll (D:11)
  Prince Ribbit (D:8)
  4 shadows
  3 wraiths
  2 yaks (Lair:1)
  Eustachio (D:4)
  2 steam dragons
  Menkaure (D:7)
  4 acid dragons
  2 water moccasins
  Duvessa (D:5)
  2 orc warriors
  3 sky beasts
  5 ice beasts
  2 black bears (D:6)
  2 ogres
  5 centaurs
  2 lemures
  3 kobold brigands
  4 bullfrogs
  A necrophage (D:8)
  A gnoll sergeant (D:7)
  3 scorpions (D:5)
  9 wights
  Dowan (D:5)
  9 killer bees
  5 howler monkeys
  A hound (D:4)
  5 orc priests
  Ijyb (D:4)
  2 iguanas
  12 orc wizards
  9 gnolls
  9 river rats (D:5)
  5 adders
  2 ufetubi
  4 worms
  4 dart slugs
  54 orcs
  4 endoplasms
  4 giant cockroaches
  8 goblins
  4 hobgoblins
  11 quokkas
  2 ball pythons
  7 bats
  3 frilled lizards
  24 kobolds
  18 rats
281 creatures vanquished.

Vanquished Creatures (others)
  An ogre (D:7)
  A hound (D:7)
  A white imp (D:8)
  A quokka (D:4)
  3 fungi
  3 plants
10 creatures vanquished.

Grand Total: 291 creatures vanquished

Notes
Turn   | Place    | Note
-------+----------+-------------------------------------------
     0 | D:1      | Lobster4 the Human Wanderer began the quest for the Orb.
     0 | D:1      | Lobster4 set off with the following items: a +0 dagger, a
                  | potion of curing, a +0 pair of gloves, a scroll of fog, a
                  | +0 leather armour, a +2 buckler.
     0 | D:1      | Reached XP level 1. HP: 16/16 MP: 1/1
   177 | D:1      | Reached XP level 2. HP: 22/22 MP: 2/2
   418 | D:1      | Reached XP level 3. HP: 28/28 MP: 3/3
   575 | D:1      | Learned a level 1 spell: Sandblast
  1155 | D:2      | Reached XP level 4. HP: 33/34 MP: 4/4
  1418 | D:2      | Reached skill level 1 in Earth Magic
  1505 | D:3      | Reached skill level 1 in Spellcasting
  1569 | D:3      | Found a hazy altar of Hepliaklqana.
  1667 | D:3      | Found an iron altar of Okawaru.
  1675 | D:3      | Reached XP level 5. HP: 37/40 MP: 6/6
  1879 | D:3      | Found a shimmering altar of Xom.
  2186 | D:3      | Reached skill level 3 in Fighting
  2625 | D:4      | Reached XP level 6. HP: 35/47 MP: 8/8
  2669 | D:3      | Reached skill level 1 in Axes
  2751 | D:4      | Noticed Eustachio
  3073 | D:4      | Killed Eustachio
  3074 | D:4      | Reached XP level 7. HP: 41/52 MP: 6/10
  3188 | D:4      | Noticed Ijyb
  3198 | D:4      | Killed Ijyb
  3199 | D:4      | Reached skill level 1 in Throwing
  3331 | D:4      | Found a shimmering blue altar of Sif Muna.
  4031 | D:4      | Noticed Pikel
  4127 | D:5      | Entered Level 5 of the Dungeon
  4182 | D:5      | Found a shadowy altar of Dithmenos.
  4428 | D:5      | Found Sucam's Armour Shop.
  4435 | D:5      | Noticed Duvessa
  4436 | D:5      | Noticed Dowan
  4443 | D:5      | Reached XP level 8. HP: 44/60 MP: 10/12
  4443 | D:5      | Killed Duvessa
  4444 | D:5      | Reached skill level 4 in Fighting
  4449 | D:5      | Killed Dowan
  4681 | D:5      | Reached skill level 5 in Shields
  5134 | D:5      | Reached skill level 5 in Fighting
  5142 | D:5      | Reached skill level 5 in Armour
  5335 | D:5      | Reached skill level 6 in Fighting
  5420 | D:5      | Reached XP level 9. HP: 53/71 MP: 13/13
  5961 | D:6      | Found a burning altar of Makhleb.
  6005 | D:6      | Reached skill level 7 in Fighting
  6091 | D:6      | Found a broken altar of Ashenzari.
  6491 | D:6      | Found an opulent altar of Gozag.
  7077 | D:7      | Reached skill level 5 in Earth Magic
  7084 | D:7      | Noticed Maggie
  7294 | D:7      | Found a staircase to the Ecumenical Temple.
  7309 | Temple   | Entered the Ecumenical Temple
  7383 | D:6      | Found a glowing silver altar of Zin.
  7392 | D:6      | Became a worshipper of Gozag Ym Sagoz the Greedy
  7427 | D:7      | Reached skill level 8 in Fighting
  7427 | D:7      | Reached skill level 5 in Spellcasting
  7427 | D:7      | Reached XP level 10. HP: 71/80 MP: 17/17
  7694 | D:7      | Reached skill level 9 in Fighting
  7857 | D:7      | Noticed Menkaure
  7862 | D:7      | Killed Menkaure
  7966 | D:5      | Bought a +3 ring mail of willpower for 364 gold pieces
  7966 | D:5      | Bought a +0 helmet for 63 gold pieces
  8257 | D:7      | Found a white marble altar of Elyvilon.
  8274 | D:7      | Killed Maggie
  8275 | D:7      | Reached skill level 10 in Fighting
  8674 | D:7      | Learned a level 3 spell: Stone Arrow
  8789 | D:8      | Noticed Gastronok
  8792 | D:8      | Noticed Joseph
  8985 | D:8      | Killed Joseph
  8986 | D:8      | Reached skill level 1 in Conjurations
  9100 | D:8      | Killed Gastronok
  9273 | D:8      | Noticed Prince Ribbit
  9284 | D:8      | Killed Prince Ribbit
  9285 | D:8      | Reached XP level 11. HP: 77/90 MP: 19/19
  9437 | D:8      | Noticed a two-headed ogre
  9824 | D:7      | Killed a two-headed ogre
  9922 | D:4      | Found Diud's Antique Armour Emporium.
 10048 | D:4      | Killed Pikel
 10199 | D:4      | Bought a faintly glowing buckler for 256 gold pieces
 10199 | D:4      | Identified the -1 buckler of Sosixzy {rElec rPois Int-5}
                  | (You bought it in a shop on level 4 of the Dungeon)
 10793 | D:9      | Found a staircase to the Lair.
 10793 | D:9      | You fall into a shaft and drop 1 floor!
 10793 | D:10     | Entered Level 10 of the Dungeon
 11072 | D:9      | Found an ornate altar of the Wu Jian Council.
 11080 | D:9      | Noticed a two-headed ogre
 11095 | D:9      | Killed a two-headed ogre
 12055 | D:4      | Bought a shimmering helmet for 256 gold pieces
 12055 | D:4      | Identified the +1 helmet of the Heron {+Blink rPois Regen+}
                  | (You bought it in a shop on level 4 of the Dungeon)
 12675 | D:10     | Found a stormy altar of Qazlal.
 13014 | D:10     | Noticed a tengu warrior
 13045 | D:10     | Killed a tengu warrior
 13151 | D:10     | Found a sparkling altar of Nemelex Xobeh.
 13205 | D:10     | Found a bloodstained altar of Trog.
 13256 | D:10     | Identified 2 scrolls of acquirement
 13256 | D:10     | Acquired 896 gold pieces
 13258 | D:10     | Acquired the +1 buckler of Dodghod {rC+ MP+9}
 13465 | D:11     | Noticed Egraxzu's ghost (journeyman DEFE)
 13468 | D:11     | Found a transporter.
 13572 | D:11     | Found Oqarhim's Antique Armour Emporium.
 13585 | D:11     | Noticed a two-headed ogre
 13604 | D:11     | Killed a two-headed ogre
 13605 | D:11     | Reached XP level 12. HP: 97/97 MP: 24/24
 13677 | D:11     | Noticed a two-headed ogre
 13692 | D:11     | Killed a two-headed ogre
 13759 | D:11     | Noticed Erolcha
 13831 | Lair:1   | Entered Level 1 of the Lair of Beasts
 14090 | Lair:1   | Slain by a komodo dragon

Illustrated notes

Levels and vault maps discovered:
D:1:      dpeg_arrival_simpleton_b, layout_loops_ring, kennysheep_small_spiral,
          chequers_serial_rivers_marsh
D:2:      layout_loops_ring, serial_bayou_pond_e
D:3:      layout_loops_ring, general_overflow_altar,
          mainiacjoe_overflow_chevrons,
          hellmonk_okawaru_the_only_friend_you_need
D:4:      layout_loops_corners, kennysheep_orc_sif_temple, serial_shops,
          nicolae_square_shop, minmay_crystal_room, dreamdust_princess_bridge,
          kennysheep_generic_room_13, uniq_eustachio, uniq_pikel, uniq_ijyb
D:5:      lemuel_ratsnest, layout_rooms, nicolae_dithmenos_shadow_blocks,
          serial_shops, shop, minmay_increasing_density, uniq_duvessa
D:6:      layout_gridville, nicolae_overflow_hidden_temple,
          hangedman_decor_opposing
D:7:      layout_basic, elyvilon_altar_4, minmay_temple_entry_sparse_star,
          minmay_checkerbox, uniq_menkaure, uniq_maggie
D:8:      layout_loops_ring, uniq_prince_ribbit1, uniq_gastronok, uniq_joseph
D:9:      layout_roguey, mainiacjoe_overflow_tiny_flanked, dpeg_oklobed_lair
D:10:     layout_roguey, bloody_trog, grunt_qazlal_sundering,
          mainiacjoe_overflow_cross_hatched, st_stairs_12
D:11:     layout_loops_ring, serial_ice, serial_ice_l, serial_ice_h,
          serial_ice_e, serial_ice_o, serial_shops, shop, gammafunk_ghost_arena,
          uniq_erolcha
Temple:   nicolae_temple_ecumenical_triangle
Lair:1:   layout_hall_layers, kennysheep_rathole

Skill      XL: |  1  2  3  4  5  6  7  8  9 10 11 12 |
---------------+-------------------------------------+-----
Armour         | 2 3 5 7 |  7.0
Earth Magic    | 1 2 3 5 8 |  8.4
Spellcasting   | 1 2 3 5 8 |  8.2
Fighting       | 3 6 8 10 | 10.0
Shields        | 4 5 |  5.0
Axes           | 1 2 3 |  3.0
Throwing       | 1 2 |  2.0
Conjurations   | 2 3 |  3.0
Evocations     | 2 3 4 |  4.2
Dodging        | |  3.0

Action                   |  1- 3 |  4- 6 |  7- 9 | 10-12 || total
-------------------------+-------+-------+-------+-------++-------
Melee: Short sword       |    89 |    45 |       |       ||   134
       Dagger            |     5 |       |       |       ||     5
       Hand axe          |       |    67 |   345 |   354 ||   766
Throw: Stone             |     2 |       |     2 |       ||     4
       Dart              |       |       |     3 |    49 ||    52
       Throwing net      |       |       |     1 |     1 ||     2
       Boomerang         |       |       |       |    12 ||    12
       Javelin           |       |       |       |    10 ||    10
 Cast: Sandblast         |       |     4 |     2 |     6 ||    12
Evoke: Wand              |       |       |     4 |     3 ||     7
  Use: Scroll            |       |     5 |     7 |    17 ||    29
       Potion            |       |     2 |     4 |     4 ||    10
 Stab: Distracted        |       |       |     7 |     9 ||    16
       Sleeping          |       |       |       |     3 ||     3
Armor: Leather armour    |     1 |       |       |       ||     1
       Scale mail        |    14 |       |       |       ||    14
       Ring mail         |    10 |    32 |   107 |    80 ||   229
       Steam dragon scal |       |       |       |    93 ||    93
Dodge: Dodged            |    36 |    38 |   200 |   185 ||   459
Block: Buckler           |    33 |    35 |   123 |   134 ||   325

Table legend: (Time is in decaauts)
 A = Elapsed time spent in this place.
 B = Non-inter-level travel time spent in this place.
 C = Inter-level travel time spent in this place.
 D = Time resting spent in this place.
 E = Time spent auto-exploring this place.
 F = Levels seen in this place.
 G = Mean time per level.
                   A        B        C        D        E       F      G
               +--------+--------+--------+--------+--------+-----+--------+
         Total |  14374 |  12927 |   1447 |   2276 |   6859 |  13 | 1105.7 |
       Dungeon |  14046 |  12678 |   1368 |   2276 |   6737 |  11 | 1276.9 |
        Temple |     60 |     51 |      9 |      0 |     36 |   1 |   60.0 |
          Lair |    267 |    197 |     70 |      0 |     86 |   1 |  267.0 |
               +--------+--------+--------+--------+--------+-----+--------+

Top non-repeatable levels by time:
     D:7: 2070 daAuts
     D:4: 1875 daAuts
     D:5: 1657 daAuts
     D:6: 1630 daAuts
     D:9: 1480 daAuts
     D:3: 1210 daAuts
     D:8: 1134 daAuts
    D:10: 1014 daAuts
     D:1: 811 daAuts
     D:2: 721 daAuts
    D:11: 440 daAuts
  Lair:1: 267 daAuts
  Temple: 60 daAuts
